 Dungeon Crawl Stone Soup version 0.31-a0-233-g139696dc86 (webtiles) character file.

Game seed: 18353950605025526162

662 qw the Shooter (level 7, -1/44 HPs)
             Began as a Gargoyle Hexslinger on July 9, 2023.
             Was an Initiate of Okawaru.
             Slain by an ogre
             ... wielding a +0 giant club
              (28 damage)
             ... on level 5 of the Dungeon.
             The game lasted 00:01:30 (3475 turns).

qw the Shooter (Gargoyle Hexslinger)                Turns: 3475, Time: 00:01:31

Health: -1/44      AC: 12    Str: 11    XL:     7   Next: 56%
Magic:  8/8        EV: 10    Int: 14    God:    Okawaru [......]
Gold:   230        SH:  0    Dex: 14    Spells: 7/8 levels left

rFire   . . .        Y - +4 sling
rCold   . . .        (no shield)
rNeg    + . .        d - +0 ring mail
rPois   inf          (no helmet)
rElec   +            e - +0 cloak
rCorr   .            c - +0 pair of gloves
SInv    .            (no boots)
Will    .....        (no amulet)
Stlth   +            (no ring)
HPRegen 0.27/turn    (no ring)
MPRegen 0.11/turn

%: no passive effects
@: no status effects
A: sickness immunity, AC +4, negative energy resistance 1, electricity
resistance, torment resistance 1, petrification resistance
a: Renounce Religion


You were on level 5 of the Dungeon.
You worshipped Okawaru.
Okawaru was noncommittal.
You visited 1 branch of the dungeon, and saw 5 of its levels.
You also visited: Sewer.

You collected 230 gold pieces.


Innate Abilities, Weirdness & Mutations

You are immune to sickness and miasma.
Your stone body is resilient. (AC +4)
You are immune to poison.
You resist negative energy. (rN+)
You are resistant to electric shocks. (rElec)
You are resistant to unholy torment.
You are immune to petrification.


   Skills:
 - Level 4.3 Fighting
 + Level 6.8 Ranged Weapons
 - Level 2.2 Armour
 - Level 1.5 Dodging
 - Level 1.0 Spellcasting
 - Level 2.6 Hexes


You had 7 spell levels left.
You knew the following spells:

 Your Spells              Type           Power      Damage    Failure   Level
a - Slow                  Hex            32%        N/A       21%         1

Your spell library contained the following spells:

 Spells                   Type           Power      Damage    Failure   Level
 Inner Flame              Hex/Fire       4%         N/A       71%         3
 Portal Projectile        Hex/Tloc       8%         N/A       71%         3
 Cause Fear               Hex            4%         N/A       90%         4

Inventory:

Hand Weapons
 Y - a +4 sling (weapon)
Armour
 c - a +0 pair of gloves (worn)
 d - a +0 ring mail (worn)
 e - a +0 cloak (worn)
Scrolls
 a - 2 scrolls of identify
Potions
 b - a potion of haste
 f - 2 potions of enlightenment
 g - a potion of curing
 h - a potion of heal wounds

Dungeon Overview and Level Annotations

Branches:
Dungeon (5/15)              Sewer (visited)
 Temple: D:4-7

Altars:
Okawaru


Message History

You shoot a sling bullet.
The sling bullet closely misses the orc.
The orc hits you but does no damage.
You shoot a sling bullet. The sling bullet hits the orc.
You kill the orc!
You start resting.
HP restored.
Items here: %%%% )))) [[[.
There is an iron altar of Okawaru here.
Press < or > to pray at altars.
Press < or > to pray at altars.
Enter note: Press < or > to pray at altars.
Enter note: Press < or > to pray at altars.
You kneel at the altar of Okawaru.
Okawaru welcomes you!
Press < or > to pray at altars.
Press < or > to pray at altars.
Press < or > to pray at altars.
Press < or > to pray at altars.
3459 ||| PLANNING D:1-11 Press < or > to pray at altars.
You enter the shallow water.
Moving in this stuff is going to be slow.
An ogre comes into view. It is wielding a +0 giant club.
Enter note:
Enter note: You shoot a sling bullet.
The sling bullet hits the ogre.
The ogre is lightly wounded.
You shoot a sling bullet. The sling bullet hits the ogre.
The ogre is moderately wounded.
The ogre hits you with a +0 giant club!!
You shoot a sling bullet. The sling bullet hits the ogre!
The ogre is heavily wounded.
You shoot a sling bullet. The sling bullet hits the ogre.
The ogre is severely wounded.
The ogre hits you with a +0 giant club!!
Ouch! That really hurt!
You die...

## .. #. #. #. #####
#. ########....
#O######...........
#.@.......#...7...#
###...###....7.7...
###..~.~......7.7.7..
......~.~###..7.7.7.7.
######~~P.##.7.7._.7.7
.....~......7.7.7.7.
#.####...##...7.7.7).
######....7.7.).
....#...7...#


You could see an ogre.

Vanquished Creatures
  A phantom (D:4)
  A kobold brigand (Sewer)
  Blork the orc (D:3)
  A howler monkey (D:4)
  A hound (D:4)
  An iguana (D:4)
  Jessica (D:2)
  3 sleepcaps
  3 orc wizards
  A river rat (Sewer)
  6 adders
  3 worms
  5 dart slugs
  9 orcs
  7 bats
  6 endoplasms
  A giant cockroach (D:3)
  4 goblins
  14 hobgoblins
  A quokka (D:3)
  3 ball pythons
  2 frilled lizards
  11 kobolds
  4 rats
90 creatures vanquished.

Notes
Turn   | Place    | Note
-------+----------+-------------------------------------------
     0 | D:1      | qw the Gargoyle Hexslinger began the quest for the Orb.
     0 | D:1      | Reached XP level 1. HP: 12/12 MP: 2/2
     0 | D:1      | 0 ||| qw: Version: 0.3-a-51-g015441d
     0 | D:1      | 0 ||| qw: Game counter: 3928
     0 | D:1      | 0 ||| qw: Melee chars always use a shield: true
     0 | D:1      | 0 ||| qw: God list: Okawaru
     0 | D:1      | 0 ||| qw: Allow faded altars: false
     0 | D:1      | 0 ||| qw: Do Orc after clearing Dungeon:15 true
     0 | D:1      | 0 ||| qw: Do second Lair branch before Depths: true
     0 | D:1      | 0 ||| qw: Lair rune preference: random
     0 | D:1      | 0 ||| qw: Goals: Normal
     0 | D:1      | 0 ||| PLANNING D:1-11
   136 | D:1      | Reached XP level 2. HP: 16/16 MP: 3/3
   306 | D:1      | Reached skill level 3 in Ranged Weapons
   677 | D:1      | Reached XP level 3. HP: 20/21 MP: 4/4
   804 | D:1      | 804 ||| UPGRADING to +0 leather armour.
   814 | D:1      | 814 ||| DROPPING +0 robe.
   815 | D:1      | 815 ||| READING 2 scrolls labelled QYZXAP PIYHO.
   816 | D:1      | 816 ||| READING scroll labelled JAIRAMEL COABB.
   817 | D:1      | 817 ||| READING scroll labelled OFFAYB ASTORIT.
   818 | D:1      | 818 ||| DROPPING scroll of poison.
   883 | D:2      | Noticed Jessica
   886 | D:2      | 886 ||| STAIRDANCE
   932 | D:2      | Killed Jessica
   933 | D:2      | Reached XP level 4. HP: 24/26 MP: 5/5
   935 | D:2      | 935 ||| STAIRDANCE
  1064 | D:2      | Reached skill level 4 in Ranged Weapons
  1267 | D:2      | Reached XP level 5. HP: 26/30 MP: 6/6
  1284 | D:2      | 1284 ||| READING scroll of enchant weapon.
  1284 | D:2      | 1284 ||| ENCHANTING +2 sling.
  1436 | D:2      | 1436 ||| UPGRADING to +0 pair of gloves.
  1441 | D:2      | 1441 ||| READING scroll labelled UWKEW ODIMUOM.
  1442 | D:2      | 1442 ||| READING 4 scrolls of identify.
  1442 | D:2      | 1442 ||| IDENTIFYING viscous orange potion
  1443 | D:2      | 1443 ||| READING 3 scrolls of identify.
  1443 | D:2      | 1443 ||| IDENTIFYING grey potion
  1802 | D:3      | Reached skill level 5 in Ranged Weapons
  1899 | D:3      | 1899 ||| Stepping ~*~*~tactically~*~*~ (outnumbered).
  1926 | D:3      | 1926 ||| READING scroll of enchant weapon.
  1926 | D:3      | 1926 ||| ENCHANTING +3 sling.
  1962 | D:3      | Reached skill level 3 in Fighting
  2004 | D:3      | Reached XP level 6. HP: 30/37 MP: 7/7
  2299 | D:3      | 2299 ||| UPGRADING to +0 ring mail.
  2309 | D:3      | 2309 ||| UPGRADING to +0 cloak.
  2314 | D:3      | 2314 ||| DROPPING +0 leather armour.
  2315 | D:3      | 2315 ||| READING scroll labelled VES SISUIWEOJI.
  2316 | D:3      | 2316 ||| DRINKING 2 fizzy cyan potions.
  2338 | D:3      | 2338 ||| DROPPING potion of lignification.
  2367 | D:4      | Noticed Blork the orc
  2368 | D:4      | 2368 ||| PLANNING SEWER
  2374 | D:4      | 2374 ||| STAIRDANCE
  2378 | D:3      | HP: 4/37 [Blork the orc/+0 flail (10)]
  2379 | D:3      | 2379 ||| DRINKING potion of heal wounds.
  2381 | D:3      | Killed Blork the orc
  2412 | D:3      | 2412 ||| DRINKING 2 black potions.
  2419 | D:3      | 2419 ||| DROPPING potion of ambrosia.
  2609 | D:4      | Reached skill level 6 in Ranged Weapons
  2642 | D:4      | Reached XP level 7. HP: 41/41 MP: 8/8
  2774 | D:4      | Found a glowing drain.
  2793 | Sewer    | Entered a sewer
  2849 | Sewer    | 2849 ||| Stepping ~*~*~tactically~*~*~ (water).
  2881 | Sewer    | Found a white marble altar of Elyvilon.
  2924 | D:4      | 2924 ||| PLANNING D:1-11
  3214 | D:4      | 3214 ||| READING scroll labelled QUDALO NAZUOB.
  3235 | D:5      | Entered Level 5 of the Dungeon
  3433 | D:5      | Found an iron altar of Okawaru.
  3434 | D:5      | 3434 ||| PLANNING OKAWARU WORSHIP
  3445 | D:5      | 3445 ||| DRINKING 2 potions of curing.
  3445 | D:5      | 3445 ||| (to cure confusion)
  3458 | D:5      | Became a worshipper of Warmaster Okawaru
  3459 | D:5      | 3459 ||| PLANNING D:1-11
  3475 | D:5      | Slain by an ogre

Levels and vault maps discovered:
D:1:      heliophobic_arrival_dark_side_of_the_moon, layout_loops_ring,
          minmay_misc_feat_chi, serial_park_tiny_2
D:2:      layout_rooms, minmay_misc_feat_iff, uniq_jessica
D:3:      layout_basic
D:4:      layout_gridville, cheibrodos_sewer_entry_drain, corexii_shack,
          uniq_blork_the_orc
D:5:      layout_basic, amethyst_overflow_temple_binary, okawaru_trees_2,
          general_overflow_altar, serial_bayou, serial_bayou_pond_c,
          serial_bayou_pond_e, serial_bayou_shore_a, serial_bayou_pond_d

Skill      XL: |  1  2  3  4  5  6  7 |
---------------+----------------------+-----
Ranged Weapons | 3 4 5 6 |  6.8
Fighting       | 2 3 4 |  4.3
Armour         | 2 |  2.2
Dodging        | |  1.5
Spellcasting   | |  1.0
Hexes          | |  2.6

Action                     |  1- 3 |  4- 6 |  7- 9 || total
---------------------------+-------+-------+-------++-------
   Fire: Sling             |    95 |   174 |    94 ||   363
    Use: Scroll            |     3 |     6 |     1 ||    10
         Potion            |       |     3 |     1 ||     4
 Armour: Robe              |    10 |       |       ||    10
         Leather armour    |    13 |    25 |       ||    38
         Ring mail         |       |    14 |    22 ||    36
  Dodge: Dodged            |    57 |    47 |    20 ||   124

Table legend:
 A = Non-vault XP
 B = Vault XP
 C = Vault XP percentage of total XP
 D = Non-vault monster count
 E = Vault monster count
 F = Vault count percentage of total count
                 A         B        C        D         E       F
            +---------+---------+-------+---------+---------+-------
      Total |     681 |     265 |  28.0 |      78 |      12 |  13.3
            +---------+---------+-------+---------+---------+-------
        D:1 |      43 |       0 |   0.0 |      25 |       0 |   0.0
        D:2 |      93 |      37 |  28.5 |      17 |       1 |   5.6
        D:3 |     156 |      99 |  38.8 |      21 |       1 |   4.5
        D:4 |     300 |       7 |   2.3 |       9 |       3 |  25.0
        D:5 |      89 |       0 |   0.0 |       6 |       0 |   0.0
      Sewer |       0 |     122 | 100.0 |       0 |       7 | 100.0
            +---------+---------+-------+---------+---------+-------
